 Dungeon Crawl Stone Soup version 0.21.1-1-g345015fe64 (webtiles) character file.

240 Lorindel the Magician (level 5, -6/28 HPs)
             Began as a Deep Elf Wizard on Apr 27, 2018.
             Mangled by a wraith (7 damage)
             ... in an ossuary on May 3, 2018.
             The game lasted 00:23:17 (4836 turns).

Lorindel the Magician (Deep Elf Wizard)             Turns: 4836, Time: 00:23:18

Health: -6/28      AC: 10    Str:  3 (4)  XL:     5   Next: 80%
Magic:  7/15       EV: 13    Int: 22 (24) God:
Gold:   152        SH:  0    Dex: 11 (13) Spells: 3/16 levels left

rFire    + . .     SeeInvis .   g - +1 mace (protect)
rCold    . . .     Gourm    .   (no shield)
rNeg     . . .     Faith    .   a - +1 robe
rPois    .         Spirit   .   b - +0 hat
rElec    .         Reflect  .   (no cloak)
rCorr    .         Harm     .   (no gloves)
MR       .....                  (no boots)
Stlth    ++........             (no amulet)
HPRegen  0.09/turn              u - ring of protection from fire
MPRegen  0.14/turn              (no ring)

@: protection aura, very slightly contaminated, slowed, very slow
A: no striking features
a: no special abilities


You were in an ossuary.
You were not hungry.

You visited 1 branch of the dungeon, and saw 4 of its levels.
You also visited: Ossuary.

You collected 152 gold pieces.

Inventory:

Hand Weapons
 g - a +1 mace of protection (weapon)
Missiles
 o - 7 silver javelins (quivered)
Armour
 a - a +1 robe (worn)
 b - a +0 hat (worn)
Magical Staves
 f - an uncursed staff of air
Jewellery
 r - an uncursed ring of ice
 u - a ring of protection from fire (left hand)
Scrolls
 e - 2 scrolls of immolation
 h - a scroll of remove curse {unknown}
 i - a scroll of amnesia
 j - a scroll of teleportation
 k - 2 scrolls of enchant weapon
 n - a scroll of random uselessness {unknown}
 w - a scroll of identify {unknown}
Potions
 l - a potion of degeneration
 m - a potion of flight
 p - a potion of curing
 q - a potion of brilliance {unknown}
Books
 c - a book of Minor Magic

   Spells                             Type                      Level
   a - Magic Dart                     Conjuration                  1
   b - Blink                          Translocation                2
   c - Call Imp                       Summoning                    2
   d - Slow                           Hexes                        2
   e - Conjure Flame                  Conjuration/Fire             3
   f - Mephitic Cloud                 Conjuration/Poison/Air       3
Comestibles
 d - 6 rations


   Skills:
 + Level 0.7 Fighting
 - Level 1.0 Throwing
 + Level 2.9 Dodging
 + Level 3.2 Stealth
 + Level 6.3 Spellcasting
 + Level 1.5 Conjurations
 + Level 1.2 Hexes
 + Level 1.8 Summonings
 * Level 2.2 Translocations
 + Level 0.7 Fire Magic
 + Level 1.0 Air Magic
 + Level 1.1 Poison Magic


You had 3 spell levels left.
You knew the following spells:

 Your Spells              Type           Power        Failure   Level  Hunger
a - Magic Dart            Conj           ##..         4%          1    None
b - Blink                 Tloc           N/A          5%          2    None
c - Call Imp              Summ           ###.....     6%          2    None
d - Slow                  Hex            ##......     8%          2    None
e - Conjure Flame         Conj/Fire      ##......     16%         3    #......
f - Mephitic Cloud        Conj/Pois/Air  ##......     16%         3    #......


Dungeon Overview and Level Annotations

Branches:
Dungeon (4/15)
 Temple: D:4-7

Altars:

Annotations:
D:4 Tali's ghost, amateur DsBe


Message History

Your crimson imp hits the wraith but does no damage.
Your crimson imp completely misses the wraith.
The wraith hits you. The wraith drains your vigour!
You feel as though you will be slow longer.
Your crimson imp completely misses the wraith.
Your crimson imp blinks!
The wraith hits you. The wraith drains your vigour!
You feel as though you will be slow longer.
You closely miss the wraith.
The wraith is lightly damaged.
Your crimson imp closely misses the wraith.
The wraith hits you!
* * * LOW HITPOINT WARNING * * *
Your crimson imp barely misses the wraith.
The wraith misses you.
You hit the wraith but do no damage.
The wraith is lightly damaged.
Your crimson imp hits the wraith but does no damage.
The wraith hits you!
You die...

#####+#####
##.........##
##..5#####...##
##...##...##...##
#...##.....##...#
+5..'.???!!.#...+
#@W5##.??..##...#
##...##...##...##
##...#####...##
..##.........##
...#####'#####..
................
................
#######'''######
####...####


You could see a wraith and 3 friendly crimson imps.

Vanquished Creatures
  An iguana (D:2)
  A mummy (Ossuary)
  4 adders
  2 dart slugs
  3 leopard geckos
  2 orcs (D:3)
  A ball python (D:2)
  8 bats
  5 giant cockroaches
  7 goblins
  5 hobgoblins
  3 jackals (D:3)
  2 quokkas (D:2)
  5 frilled lizards
  2 gnoll skeletons (Ossuary)
  A gnoll zombie (D:4)
  A goblin zombie (D:4)
  7 kobolds
  2 kobold skeletons (Ossuary)
  5 orc skeletons (Ossuary)
  3 rats
70 creatures vanquished.

Vanquished Creatures (collateral kills)
  A sky beast (D:3)
  Terence (D:2)
  A worker ant (D:4)
  An ooze (D:3)
  2 worms (D:2)
  A giant cockroach (D:3)
  A frilled lizard (D:4)
  3 rats (D:3)
  A rat zombie (D:4)
12 creatures vanquished.

Grand Total: 82 creatures vanquished

Notes
Turn   | Place    | Note
-------+----------+-------------------------------------------
     0 | D:1      | Lorindel the Deep Elf Wizard began the quest for the Orb.
     0 | D:1      | Reached XP level 1. HP: 10/10 MP: 7/7
    77 | D:1      | Reached skill level 5 in Spellcasting
    79 | D:1      | Reached XP level 2. HP: 15/15 MP: 1/10
   280 | D:1      | Learned a level 2 spell: Blink
   283 | D:1      | Learned a level 2 spell: Call Imp
   286 | D:1      | Learned a level 2 spell: Slow
  1156 | D:1      | Reached XP level 3. HP: 18/19 MP: 8/12
  1161 | D:1      | Learned a level 3 spell: Conjure Flame
  1165 | D:1      | Learned a level 3 spell: Mephitic Cloud
  1478 | D:2      | Noticed Terence
  1506 | D:2      | Killed Terence
  1506 | D:2      | Reached skill level 6 in Spellcasting
  2382 | D:2      | Reached XP level 4. HP: 12/24 MP: 1/14
  3326 | D:3      | Noticed a sky beast
  3470 | D:3      | Killed a sky beast
  3470 | D:3      | Reached skill level 1 in Throwing
  3470 | D:3      | Reached skill level 1 in Hexes
  3470 | D:3      | Reached skill level 1 in Poison Magic
  3470 | D:3      | Reached XP level 5. HP: 17/28 MP: 3/15
  4291 | D:4      | Found a sand-covered staircase.
  4302 | D:4      | Noticed Tali's ghost (amateur DsBe)
  4317 | D:4      | Reached skill level 1 in Air Magic
  4344 | Ossuary  | Entered an ossuary
  4344 | Ossuary  | Noticed a wraith
  4344 | Ossuary  | Noticed a wraith
  4344 | Ossuary  | Noticed a wraith
  4808 | Ossuary  | Noticed a wraith
  4835 | Ossuary  | HP: 1/28 [wraith (8)]
  4836 | Ossuary  | Mangled by a wraith

Skill      XL: |  1  2  3  4  5 |
---------------+----------------+-----
Spellcasting   | 5 6 |  6.3
Throwing       | 1 |  1.0
Stealth        | 3 |  3.2
Hexes          | 1 |  1.2
Poison Magic   | 1 |  1.1
Translocations | 2 |  2.2
Air Magic      | 1 |  1.0
Fighting       | |  0.7
Dodging        | |  2.9
Conjurations   | |  1.5
Summonings     | |  1.8
Fire Magic     | |  0.7

Action                   |  1- 3 |  4- 6 || total
-------------------------+-------+-------++-------
Melee: Spear             |    15 |       ||    15
       Mace              |       |    69 ||    69
Throw: Stone             |     3 |     2 ||     5
       Javelin           |       |     1 ||     1
 Cast: Magic Dart        |    75 |    61 ||   136
       Call Imp          |     4 |    14 ||    18
       Conjure Flame     |     4 |    13 ||    17
       Slow              |     2 |    11 ||    13
       Mephitic Cloud    |     2 |     4 ||     6
       Blink             |     2 |     2 ||     4
  Use: Scroll            |       |     8 ||     8
       Potion            |       |     6 ||     6
 Stab: Confused          |     1 |       ||     1
  Eat: Chunk             |     4 |     6 ||    10
       Ration            |       |     1 ||     1
Armor: Robe              |     3 |    47 ||    50
Dodge: Dodged            |    11 |   109 ||   120
